 Dungeon Crawl Stone Soup version 0.27.1-34-g3ba077fa99 (webtiles) character file.

Game seed: 649989220737081702

39 Descartes the Grasshopper (level 3, -2/16 HPs)
             Began as a Felid Warper on Jan 17, 2022.
             Was a Believer of Lugonu.
             Killed from afar by Sigmund (11 damage)
             ... with a puff of flame
             ... on level 2 of the Dungeon.
             The game lasted 00:03:25 (2897 turns).

Descartes the Grasshopper (Felid Warper)            Turns: 2897, Time: 00:03:25

Health: -2/16      AC:  1    Str:  8    XL:     3   Next: 26%
Magic:  7/7        EV: 18    Int: 14    God:    Lugonu [**....]
Gold:   43         SH:  0    Dex: 15    Spells: 6/6 levels left
                                        Lives:  0   Deaths: 0

rFire    . . .     SeeInvis +     - Unarmed
rCold    . . .     Faith    .   (shield unavailable)
rNeg     . . .     Spirit   .   (armour unavailable)
rPois    +         Reflect  .   (helmet unavailable)
rElec    .         Harm     .   (cloak unavailable)
rCorr    .         Rampage  .   (gloves unavailable)
Will     .....                  (boots unavailable)
Stlth    ++........             (no amulet)
HPRegen  0.05/turn              h - ring of poison resistance
MPRegen  0.10/turn              (no ring)

@: quick
A: very small, claws 1, fangs 3, see invisible, speed 1, shaggy fur 1, stealthy
paws, no weapons or thrown items, no armour, multi-lived
a: Renounce Religion, Depart the Abyss, Bend Space


You were on level 2 of the Dungeon.
You worshipped Lugonu.
Lugonu was pleased with you.
You visited 1 branch of the dungeon, and saw 2 of its levels.

You collected 43 gold pieces.

Inventory:

Jewellery
 e - a ring of ice
 h - a ring of poison resistance (left paw)
Scrolls
 a - a scroll of blinking
 b - 2 scrolls of identify {unknown}
 c - a scroll of fear {unknown}
 d - 2 scrolls of enchant weapon {unknown}
 i - a scroll of enchant armour {unknown}
Potions
 f - a potion of cancellation {unknown}
 g - 3 potions of mutation {unknown}


   Skills:
 - Level 2.0 Fighting
 + Level 3.9 Dodging
 + Level 1.9 Stealth
 + Level 2.5 Unarmed Combat
 - Level 2.0 Spellcasting
 + Level 5.0 Translocations


You had 6 spell levels left.
You didn't know any spells.
Your spell library contained the following spells:

 Spells                   Type           Power      Damage    Failure   Level
 Blink                    Tloc           N/A        N/A       4%          2
 Gell's Gravitas          Tloc           7%         N/A       9%          3
 Lesser Beckoning         Tloc           7%         N/A       9%          3
 Teleport Other           Tloc           15%        N/A       9%          3
 Manifold Assault         Tloc           15%        N/A       63%         5


Dungeon Overview and Level Annotations

Branches:
Dungeon (2/15)

Altars:
Ashenzari
Lugonu

Annotations:
D:2 Sigmund, Terence


Innate Abilities, Weirdness & Mutations

You have sharp claws.
You have razor-sharp teeth.
You have supernaturally acute eyesight. (SInv)
You cover ground quickly. (Speed+)
You are covered in fur. (AC +1)
Your paws help you pounce on unaware monsters.
You are incapable of wielding weapons or throwing items.
You cannot wear armour.
You gain extra lives every three experience levels.


Message History

You are too injured to fight recklessly!
You are too injured to fight recklessly!
You are too injured to fight recklessly!
You are too injured to fight recklessly!
You are too injured to fight recklessly!
You are too injured to fight recklessly!
You are too injured to fight recklessly!
You are too injured to fight recklessly!
You are too injured to fight recklessly!
You are too injured to fight recklessly!
You are too injured to fight recklessly!
Unknown command.
There is an escape hatch in the ceiling here.
A mysterious force pulls you upwards. The hatch slams shut behind you.
HP restored.
Done exploring.
There is a stone staircase leading down here.
You climb downwards.
Level annotation: Terence
There is a stone staircase leading up here.
Found a faded altar of an unknown god.
Found a buckler.
Found a stone staircase leading down.
There is a faded altar of an unknown god here.
You cannot tell which god this altar belongs to.
Convert to them anyway?
Lugonu accepts your prayer! Lugonu welcomes you!
You can now depart the Abyss.
You can now bend space around yourself.
You see here a +0 buckler.
Found a hand axe.
Sigmund the Dreaded comes into view.
He is wielding a +0 scythe.
Sigmund shouts!
Sigmund gestures at you while chanting. The puff of flame hits you!
Sigmund casts a spell at you. You resist with some effort.
Sigmund gestures at you while chanting. The puff of flame hits you!
Ouch! That really hurt!
You die...

#.##......#...P..P
#.##..#.#.#.#.....
#.......#.........
###########..###.##
#. ..# #...># #...
#. #.# #.######.##
#. #.# #........#
#@###)#####..#####
#.@..........#
#####.######.#
#.##.....#
#####.##.#####
#.....##.#
#.######.#
#.....##.#
####.###.# #.....#


You could see Sigmund.

Vanquished Creatures
  6 ball pythons
  5 endoplasms
  3 goblins
  6 hobgoblins
  7 kobolds
  3 quokkas
  2 frilled lizards
  2 rats (D:2)
34 creatures vanquished.

Notes
Turn   | Place    | Note
-------+----------+-------------------------------------------
     0 | D:1      | Descartes the Felid Warper began the quest for the Orb.
     0 | D:1      | Reached XP level 1. HP: 9/9 MP: 4/4
   178 | D:1      | Reached skill level 1 in Stealth
   407 | D:1      | Reached XP level 2. HP: 11/13 MP: 6/6
  1623 | D:1      | You fall into a shaft and drop 1 floor!
  1877 | D:2      | Reached XP level 3. HP: 16/16 MP: 7/7
  2349 | D:2      | Found a broken altar of Ashenzari.
  2483 | D:2      | Reached skill level 5 in Translocations
  2540 | D:2      | Noticed Terence
  2782 | D:2      | Found a faded altar of an unknown god.
  2790 | D:2      | Became a worshipper of Lugonu the Unformed
  2790 | D:2      | Reached * piety under Lugonu
  2790 | D:2      | Reached ** piety under Lugonu
  2894 | D:2      | Noticed Sigmund
  2897 | D:2      | Killed from afar by Sigmund

Illustrated notes

Levels and vault maps discovered:
D:1:      tarquinn_simple_flora_water_f, layout_basic,
          hangedman_decor_diamond_cutter
D:2:      layout_basic, basic_altar, dreamdust_ecumenical_altar_grove,
          uniq_terence, uniq_sigmund

Skill      XL: |  1  2  3 |
---------------+----------+-----
Stealth        | 1 |  1.9
Translocations | 5 |  5.0
Fighting       | |  2.0
Dodging        | |  3.9
Unarmed Combat | |  2.5
Spellcasting   | |  2.0

Action                   || total
-------------------------++-------
Melee: Unarmed           ||   108
       Bite              ||     7
       Punch             ||     2
 Stab: Sleeping          ||     2
       Distracted        ||     1
Armor: Skin              ||     4
Dodge: Dodged            ||    79
